 Dungeon Crawl Stone Soup version 0.25-a0-110-ge29c8f2358 (webtiles) character file.

Game seed: 3959513000167520143, levelgen mode: deterministic

3973 RedPan the Frost Mage (level 10, -1/79 HPs)
             Began as a White Draconian Ice Elementalist on Nov 19, 2019.
             Was an Elder of Sif Muna.
             Slain by a troll (3 damage)
             ... on level 8 of the Dungeon.
             The game lasted 00:24:54 (8557 turns).

RedPan the Frost Mage (DrIE)                        Turns: 8557, Time: 00:24:54

Health: -1/79      AC: 16    Str: 10    XL:     10   Next: 2%
Magic:  4/20       EV: 13    Int: 19    God:    Sif Muna [****..]
Gold:   615        SH:  0    Dex: 12    Spells: 16/23 levels left

rFire    . . .     SeeInvis .   A - +7 scimitar (freeze) (curse)
rCold    + . .     Gourm    .   (no shield)
rNeg     . . .     Faith    .   (armour unavailable)
rPois    +         Spirit   .   t - +2 hat
rElec    .         Reflect  .   e - +0 cloak
rCorr    .         Harm     .   u - +2 pair of gloves
MR       .....                  (no boots)
Stlth    ++........             (no amulet)
HPRegen  0.23/turn              I - ring of poison resistance
MPRegen  0.17/turn              c - +3 ring of protection

@: lightly drained
A: breathe frost, unfitting armour, cold resistance 1, cold-blooded, AC +7
a: Breathe Frost, Channel Magic, Forget Spell, Divine Exegesis, Renounce
Religion


You were on level 8 of the Dungeon.
You worshipped Sif Muna.
Sif Muna was greatly pleased with you.
You were very hungry.

You visited 1 branch of the dungeon, and saw 9 of its levels.
You also visited: Ossuary.

You collected 615 gold pieces.

Inventory:

Hand Weapons
 h - a +1 dagger of draining
 w - a +2 quarterstaff of chaos
 y - a +0 spear
 A - a cursed +7 scimitar of freezing (weapon)
 E - a +3 scimitar of flaming
Armour
 e - a +0 cloak (worn)
 t - a +2 hat (worn)
 u - a +2 pair of gloves (worn)
Jewellery
 c - a +3 ring of protection (right hand)
 g - an uncursed ring of see invisible
 G - an uncursed ring of stealth
 I - a ring of poison resistance (left hand)
Wands
 r - a wand of enslavement (10)
 s - a wand of flame (26)
 v - a wand of polymorph (8)
 x - a wand of random effects (20)
 F - a wand of iceblast (1)
Scrolls
 a - 8 scrolls of teleportation
 d - a scroll of fear
 f - 3 scrolls of enchant armour
 j - 3 scrolls of immolation
 l - 2 scrolls of fog
 m - 4 scrolls of remove curse
Potions
 i - a potion of mutation {unknown}
 k - 3 potions of flight
 n - a potion of brilliance
 o - 3 potions of heal wounds
 p - 2 potions of lignification
 q - 6 potions of curing
 z - a potion of haste
 B - a potion of might {unknown}
 C - 2 potions of berserk rage
 D - 2 potions of agility {unknown}
Comestibles
 b - 13 rations
 H - a chunk of flesh


   Skills:
 - Level 4.3(3.9) Fighting
 + Level 4.2(3.8) Dodging
 - Level 1.7(1.4) Stealth
 - Level 7.0(6.5) Spellcasting
   Level 1.0(0.6) Conjurations
 - Level 6.0(5.6) Summonings
 - Level 3.0(2.6) Translocations
 - Level 9.1(8.7) Ice Magic
 + Level 5.0(4.6) Invocations


You had 16 spell levels left.
You knew the following spells:

 Your Spells              Type           Power        Failure   Level  Hunger
a - Freeze                Ice            ####         1%          1    None
b - Summon Ice Beast      Ice/Summ       ####....     5%          4    ####...
c - Blink                 Tloc           N/A          5%          2    None

Your spell library contained the following spells:

 Spells                   Type           Power        Failure   Level  Hunger
 Call Imp                 Summ           ####....     1%          2    None
 Throw Frost              Conj/Ice       ###...       2%          2    None
 Ozocubu's Armour         Chrm/Ice       ###.....     5%          3    ##.....
 Magic Dart               Conj           #...         9%          1    None
 Slow                     Hex            #.......     16%         2    None
 Throw Icicle             Conj/Ice       ###.....     16%         4    ####...
 Conjure Flame            Conj/Fire      #.......     28%         3    ##.....
 Mephitic Cloud           Conj/Pois/Air  #.......     28%         3    ##.....


Dungeon Overview and Level Annotations

Branches:
Dungeon (9/15)             Temple (0/1) D:6         Ossuary (visited)
   Lair: D:8-11         Orc: D:9-12

Altars:
Ashenzari
Cheibriados
Gozag
Nemelex Xobeh
Okawaru
Ru
Sif Muna
Trog
Vehumet
Yredelemnul
Zin


Innate Abilities, Weirdness & Mutations

You can breathe waves of freezing cold.
You can buffet flying creatures when you breathe cold.
Your icy white scales are hard. (AC +7)
You cannot fit into any form of body armour.
Your flesh is cold resistant. (rC+)
You are cold-blooded and may be slowed by cold attacks.


Message History

A chill wind blows around you.
You are feeling very hungry.
The troll closely misses you. x2; The troll claws you!
You slash the troll! You freeze the troll.
The troll is lightly wounded.
The troll bites you! The troll claws you! The troll closely misses you.
Your ice beast barely misses the troll.
You barely miss the troll.
The troll is lightly wounded.
The troll bites you! The troll misses you. The troll claws you!
* * * LOW HITPOINT WARNING * * *
Your ice beast hits the troll.
Your ice beast freezes the troll!
The troll bites you but does no damage. The troll claws you but does no damage.
The troll claws you!
* * * LOW HITPOINT WARNING * * *
Your ice beast hits the troll but does no damage.
The troll bites you!
* * * LOW HITPOINT WARNING * * *
The troll claws you but does no damage. The troll claws you.
You die...

........##.#
#####...##.##########
#...#...........#
#####...#....######.#
........#....# #.#
........#....# #.#
........###### #.#
.......############.#
................@>#.#
................[TY.#
.....<..######.######
........[.####.#.#
#####.###.##.....###
##...#.######...#
####....#.# ##########
...#.##.#.####...##≈≈≈#
####)####.#.......#≈_≈#


You could see a troll and a friendly ice beast.

Vanquished Creatures
  Pikel (D:5)
  Maurice (D:8)
  A spriggan (D:7)
  Sigmund (D:3)
  A slave (D:5)
  A sky beast (D:6)
  4 ogres
  A crocodile (D:7)
  An elf zombie (Ossuary)
  A bullfrog (D:6)
  A scorpion (D:4)
  3 wights
  3 howler monkeys
  A bullfrog zombie (D:6)
  3 crimson imps
  2 centaur zombies (Ossuary)
  3 hounds
  An iron imp (D:6)
  A centaur skeleton (D:7)
  A jelly (D:7)
  6 orc wizards
  3 iguanas
  Terence (D:2)
  Natasha (thrice) (D:3)
  4 worker ants
  A hound zombie (D:7)
  2 hound skeletons (D:7)
  A howler monkey skeleton (D:4)
  13 adders
  A shadow imp (D:7)
  An ooze (D:3)
  2 worms
  3 dart slugs
  2 leopard geckos
  12 orcs
  4 ball pythons
  8 giant cockroaches
  11 goblins
  6 hobgoblins
  12 jackals
  2 quokkas (D:8)
  A ball python skeleton (D:5)
  5 bats
  4 frilled lizards
  5 hobgoblin zombies (Ossuary)
  A jackal zombie (Ossuary)
  3 kobolds
  A leopard gecko skeleton (D:4)
  8 rats
158 creatures vanquished.

Vanquished Creatures (collateral kills)
  Erica (D:8)
  Prince Ribbit (D:7)
  A hippogriff (D:8)
  Grum (D:8)
  3 wolves (D:8)
  2 ogres
  A centaur (D:8)
  A big kobold (D:7)
  An elf zombie (Ossuary)
  A bullfrog (D:7)
  A scorpion (D:7)
  A wight (D:8)
  2 centaur zombies
  A human zombie (Ossuary)
  A jelly (D:8)
  An orc wizard (D:7)
  Crazy Yiuf (D:5)
  A bullfrog skeleton (D:8)
  3 mummies
  An adder (D:8)
  An adder zombie (Ossuary)
  6 orcs (D:7)
  A goblin zombie (Ossuary)
  8 hobgoblin zombies (Ossuary)
  A jackal zombie (Ossuary)
  3 kobolds (D:7)
  7 kobold zombies (Ossuary)
  6 orc zombies (Ossuary)
  A rat zombie (Ossuary)
60 creatures vanquished.

Vanquished Creatures (others)
  A slave (D:6)
  A jackal (D:6)
2 creatures vanquished.

Grand Total: 220 creatures vanquished

Notes
Turn   | Place    | Note
-------+----------+-------------------------------------------
     0 | D:1      | RedPan the Draconian Ice Elementalist began the quest for
                  | the Orb.
     0 | D:1      | Reached XP level 1. HP: 14/14 MP: 3/3
   208 | D:1      | Reached XP level 2. HP: 16/20 MP: 0/5
   561 | D:1      | Reached XP level 3. HP: 19/26 MP: 4/7
  1044 | D:2      | Noticed Terence
  1052 | D:2      | Killed Terence
  1052 | D:2      | Reached skill level 4 in Ice Magic
  1052 | D:2      | Reached XP level 4. HP: 14/33 MP: 3/8
  1272 | D:2      | Learned a level 4 spell: Summon Ice Beast
  1367 | D:2      | Found a shimmering blue altar of Sif Muna.
  1479 | D:2      | Became a worshipper of Sif Muna the Loreminder
  1839 | D:3      | Noticed Natasha
  1845 | D:3      | Killed Natasha
  1845 | D:3      | Reached skill level 1 in Summonings
  1973 | D:3      | Reached XP level 5. HP: 28/38 MP: 0/10
  2115 | D:3      | Noticed Sigmund
  2133 | D:3      | Killed Sigmund
  2133 | D:3      | Reached skill level 5 in Ice Magic
  2133 | D:3      | Reached XP level 6. HP: 13/45 MP: 3/12
  2147 | D:3      | Noticed Natasha
  2163 | D:3      | Killed Natasha
  2360 | D:3      | Reached * piety under Sif Muna
  2533 | D:3      | Noticed Natasha
  2547 | D:3      | Killed Natasha
  2866 | D:4      | Your scales start taking on an icy white colour.
  2866 | D:4      | Reached skill level 6 in Ice Magic
  2866 | D:4      | Reached XP level 7. HP: 34/50 MP: 3/13
  2866 | D:4      | Gained mutation: Your flesh is cold resistant. (rC+) [White
                  | Draconian growth]
  3241 | D:4      | Found an iron altar of Okawaru.
  3248 | D:4      | Found a radiant altar of Vehumet.
  3248 | D:4      | Found a bloodstained altar of Trog.
  3249 | D:4      | Found a glowing silver altar of Zin.
  3251 | D:4      | Found a shimmering blue altar of Sif Muna.
  3830 | D:5      | Entered Level 5 of the Dungeon
  4308 | D:5      | Reached skill level 7 in Ice Magic
  4355 | D:5      | Found a runed translucent door.
  4496 | D:5      | Reached skill level 5 in Spellcasting
  4795 | D:5      | Noticed Crazy Yiuf
  4807 | D:5      | Killed Crazy Yiuf
  4853 | D:5      | Learned a level 2 spell: Blink
  4868 | D:6      | Noticed Pikel
  4977 | D:5      | Killed Pikel
  4977 | D:5      | Reached skill level 5 in Summonings
  4977 | D:5      | Reached skill level 8 in Ice Magic
  4977 | D:5      | Reached XP level 8. HP: 44/57 MP: 7/16
  5074 | D:6      | Found a basalt altar of Yredelemnul.
  5154 | D:6      | Found a sparkling altar of Nemelex Xobeh.
  5262 | D:6      | Found a staircase to the Ecumenical Temple.
  5426 | D:6      | Found a snail-covered altar of Cheibriados.
  5668 | D:6      | Reached skill level 9 in Ice Magic
  5994 | D:7      | Reached ** piety under Sif Muna
  6021 | D:7      | Reached XP level 9. HP: 62/62 MP: 13/19
  6035 | D:7      | Reached skill level 1 in Translocations
  6053 | D:7      | Reached skill level 1 in Fighting
  6053 | D:7      | Reached skill level 1 in Invocations
  6161 | D:7      | Found an opulent altar of Gozag.
  6346 | D:7      | Found a shattered altar of Ashenzari.
  6440 | D:7      | Found a sand-covered staircase.
  6448 | Ossuary  | Entered an ossuary
  6632 | Ossuary  | Reached *** piety under Sif Muna
  7053 | D:7      | Noticed Prince Ribbit
  7074 | D:7      | Killed Prince Ribbit
  7556 | D:8      | Noticed Grum
  7564 | D:8      | Reached **** piety under Sif Muna
  7575 | D:8      | Killed Grum
  7823 | D:8      | Noticed Erica
  7832 | D:8      | Killed Erica
  7947 | D:8      | Noticed Maurice
  7954 | D:8      | Killed Maurice
  8113 | D:8      | Found a sacrificial altar of Ru.
  8323 | D:9      | Reached XP level 10. HP: 79/79 MP: 13/20
  8396 | D:9      | Reached skill level 5 in Invocations
  8504 | D:9      | Noticed a death yak
  8528 | D:9      | Noticed a death yak
  8557 | D:8      | HP: 2/79 [troll (11)]
  8557 | D:8      | Slain by a troll

Levels and vault maps discovered:
D:1:      lightli_arrival_statuegarden, layout_loops_ring, st_stairs_8,
          skrybe_limestone_x
D:2:      layout_rooms, led_sif_pool, uniq_terence
D:3:      layout_loops_ring, first_ration, minmay_shallow_snake_nest,
          uniq_sigmund, uniq_natasha
D:4:      layout_basic, minitemple, kennysheep_generic_room_5
D:5:      layout_loops_corners, uniq_crazy_yiuf_cottage
D:6:      layout_rooms, slow_altar_2, nemelex_xobeh_ov_fountains_minmay,
          yredelemnul_altar_generic, minmay_temple_entry_gardened_gates,
          uniq_pikel
D:7:      layout_rooms, ashenzari_conservatory_becter,
          gup_ossuary_entry_pyramid, the_bakery, grunt_decor_cap,
          grunt_gozag_statues, uniq_prince_ribbit1
D:8:      layout_basic, nicolae_ru_path_of_blood, uniq_maurice, uniq_erica,
          uniq_grum
D:9:      layout_long_grid, lemuel_round_altar, dpeg_lair_monsters

Skill      XL: |  1  2  3  4  5  6  7  8  9 10 |
---------------+-------------------------------+-----
Spellcasting   | 3 4 5 6 7 |  7.0
Ice Magic      | 4 5 6 8 9 |  9.1
Summonings     | 1 2 3 5 6 |  6.0
Translocations | 3 |  3.0
Fighting       | 4 |  4.3
Invocations    | 4 5 |  5.0
Dodging        | 4 |  4.2
Stealth        | |  1.7
Conjurations   | |  1.0

Action                   |  1- 3 |  4- 6 |  7- 9 | 10-12 || total
-------------------------+-------+-------+-------+-------++-------
Melee: Dagger            |    63 |    65 |   284 |       ||   412
       Unarmed           |     4 |       |       |       ||     4
       Tailslap          |     8 |     8 |    47 |     1 ||    64
       Scimitar          |       |       |    12 |    15 ||    27
 Cast: Freeze            |    21 |    74 |   148 |       ||   243
       Summon Ice Beast  |       |       |    56 |     8 ||    64
  Use: Scroll            |     5 |     5 |     9 |       ||    19
       Potion            |       |     1 |       |       ||     1
 Stab: Sleeping          |     2 |     3 |     3 |     1 ||     9
  Eat: Chunk             |     1 |     5 |    15 |       ||    21
       Ration            |       |       |     3 |       ||     3
Armor: Skin              |    25 |    41 |   223 |    11 ||   300
Dodge: Dodged            |    48 |    74 |   249 |    21 ||   392
       Rpst.: Scimitar   |       |       |     6 |     3 ||     9

Table legend:
 A = Non-vault XP
 B = Vault XP
 C = Vault XP percentage of total XP
 D = Non-vault monster count
 E = Vault monster count
 F = Vault count percentage of total count
                 A         B        C        D         E       F
            +---------+---------+-------+---------+---------+-------
      Total |    3073 |    2604 |  45.9 |     157 |      60 |  27.6
            +---------+---------+-------+---------+---------+-------
        D:1 |      39 |       5 |  11.4 |      22 |       2 |   8.3
        D:2 |      48 |      36 |  42.9 |      14 |       1 |   6.7
        D:3 |     171 |     265 |  60.8 |      27 |       6 |  18.2
        D:4 |     322 |       0 |   0.0 |      13 |       0 |   0.0
        D:5 |     289 |     628 |  68.5 |      16 |       2 |  11.1
        D:6 |     777 |      43 |   5.2 |      21 |       1 |   4.5
        D:7 |     746 |     303 |  28.9 |      26 |       3 |  10.3
        D:8 |     494 |    1031 |  67.6 |      13 |       6 |  31.6
        D:9 |     187 |       0 |   0.0 |       5 |       0 |   0.0
    Ossuary |       0 |     293 | 100.0 |       0 |      39 | 100.0
            +---------+---------+-------+---------+---------+-------
